 Dungeon Crawl Stone Soup version 0.21.1-1-g345015f (webtiles) character file.

58 Irikuri the Poker (level 4, 0/33 HPs)
             Began as a Human Gladiator on May 7, 2018.
             Was an Initiate of Ru.
             Succumbed to a scorpion's poison
             ... on level 4 of the Dungeon.
             The game lasted 00:09:26 (849 turns).

Irikuri the Poker (Human Gladiator)                  Turns: 849, Time: 00:09:27

Health: 0/33       AC:  4    Str: 15    XL:     4   Next: 21%
Magic:  4/4        EV: 13    Int:  8    God:    Ru [......]
Gold:   30         SH:  0    Dex: 15    Spells: 3/3 levels left

rFire    . . .     SeeInvis .   a - +0 trident
rCold    . . .     Gourm    .   (no shield)
rNeg     . . .     Faith    .   b - +0 leather armour
rPois    .         Spirit   .   c - +0 helmet
rElec    .         Reflect  .   (no cloak)
rCorr    .         Harm     .   (no gloves)
MR       .....                  (no boots)
Stlth    +.........             (no amulet)
HPRegen  0.11/turn              (no ring)
MPRegen  0.09/turn              (no ring)

@: lethally poisoned (0 -> -11), very slow
A: no striking features
a: Renounce Religion


You were on level 4 of the Dungeon.
You worshipped Ru.
Ru was noncommittal.
You were not hungry.

You visited 1 branch of the dungeon, and saw 5 of its levels.

You collected 30 gold pieces.

Inventory:

Hand Weapons
 a - a +0 trident (weapon)
 e - a +0 whip
 i - a +0 club
Missiles
 d - 3 throwing nets (quivered)
Armour
 b - a +0 leather armour (worn)
 c - a +0 helmet (worn)
 k - a +0 leather armour
 o - a +0 chain mail
Scrolls
 g - 2 scrolls of identify
 l - a scroll of noise
Potions
 m - 2 potions of heal wounds {unknown}
 n - a potion of haste {unknown}
 p - a potion of agility {unknown}
 q - a potion of curing {unknown}
Comestibles
 f - 2 rations
 h - 4 chunks of flesh


   Skills:
 + Level 2.2 Fighting
 + Level 3.8 Polearms
 + Level 2.2 Throwing
 + Level 0.2 Armour
 + Level 3.4 Dodging
 + Level 1.0 Stealth


You had 3 spell levels left.
You didn't know any spells.

Dungeon Overview and Level Annotations

Branches:
Dungeon (5/15)
 Temple: D:4-7

Altars:
Ru

Annotations:
D:5 Blork the orc


Message History

The scorpion is almost dead.
The scorpion stings you.
* * * LOW HITPOINT WARNING * * *
You are lethally poisoned!
The scorpion poisons you!
As you read the scroll of teleportation, it crumbles to dust.
You feel strangely unstable.
* * * LOW HITPOINT WARNING * * *
You feel sick. The scorpion completely misses you. The worm bites you.
* * * LOW HITPOINT WARNING * * *
Unknown command.
* * * LOW HITPOINT WARNING * * *
You feel sick. The scorpion completely misses you.
* * * LOW HITPOINT WARNING * * *
You feel sick.
Your surroundings suddenly seem different.
Splash!
You fall into the shallow water.
Moving in this stuff is going to be slow.
You die...

.....♣≈♣≈≈..≈...≈..≈
....♣≈≈≈≈≈≈PP≈≈≈.≈≈.
...♣P≈≈P≈P≈≈≈P≈≈≈P≈≈≈
..♣≈≈≈≈≈≈≈≈≈≈≈≈≈≈≈
..P≈≈P≈≈P≈≈≈≈P≈≈
#..♣♣♣≈≈≈≈≈≈ P♣
#......≈≈≈♣ ≈≈♣
#.>.....@♣♣♣≈♣ #
...####.#####w#.#..#
............s......#
...###...####.#....#
.......# #.#....#
......... #.#....#
........... #.#....#
...........##.#.#.##
...........##.#....


You could see a worm.

Vanquished Creatures
  4 adders
  A dart slug (D:2)
  A leopard gecko (D:1)
  An orc (D:5)
  2 bats
  A goblin (D:1)
  4 hobgoblins
  3 kobolds
  A frilled lizard (D:2)
  2 rats (D:1)
20 creatures vanquished.

Notes
Turn   | Place    | Note
-------+----------+-------------------------------------------
     0 | D:1      | Irikuri the Human Gladiator began the quest for the Orb.
     0 | D:1      | Reached XP level 1. HP: 16/16 MP: 1/1
   141 | D:1      | Reached XP level 2. HP: 22/22 MP: 2/2
   200 | D:2      | Found a sacrificial altar of Ru.
   224 | D:2      | Became a worshipper of Ru the Awakened
   557 | D:5      | Entered Level 5 of the Dungeon
   576 | D:4      | Reached XP level 3. HP: 19/27 MP: 3/3
   750 | D:5      | Reached XP level 4. HP: 26/33 MP: 4/4
   797 | D:5      | Reached skill level 1 in Stealth
   814 | D:5      | Noticed Blork the orc
   848 | D:4      | HP: 1/33 [poisoned by a scorpion]
   849 | D:4      | Succumbed to a scorpion's poison

Skill      XL: |  1  2  3  4 |
---------------+-------------+-----
Stealth        | 1 |  1.0
Fighting       | |  2.2
Polearms       | |  3.8
Throwing       | |  2.2
Armour         | |  0.2
Dodging        | |  3.4

Action                   |  1- 3 |  4- 6 || total
-------------------------+-------+-------++-------
Melee: Trident           |    64 |    19 ||    83
       Whip              |     8 |       ||     8
  Use: Scroll            |     7 |     1 ||     8
Armor: Leather armour    |    29 |     1 ||    30
Dodge: Dodged            |    57 |    17 ||    74
